 Dungeon Crawl Stone Soup version 0.27.1-15-g792fb953b9 (webtiles) character file.

Game seed: 11895283170748445145

7 tizbic2 the Insei (level 1, -2/15 HPs)
             Began as a Demonspawn Transmuter on Nov 19, 2021.
             Slain by a quokka (3 damage)
             ... on level 1 of the Dungeon.
             The game lasted 00:01:46 (335 turns).

tizbic2 the Insei (Demonspawn Transmuter)            Turns: 335, Time: 00:01:48

Health: -2/15      AC:  2    Str: 10    XL:     1   Next: 91%
Magic:  2/3        EV: 12    Int: 14    God:
Gold:   16         SH:  0    Dex: 13    Spells: 3/4 levels left

rFire    . . .     SeeInvis .     - Unarmed
rCold    . . .     Faith    .   (no shield)
rNeg     . . .     Spirit   .   a - +0 robe
rPois    .         Reflect  .   (helmet currently unavailable)
rElec    .         Harm     .   (no cloak)
rCorr    .         Rampage  .   (no gloves)
Will     .....                  (boots currently unavailable)
Stlth    +.........             (no amulet)
HPRegen  0.05/turn              (no ring)
MPRegen  0.08/turn              (no ring)

@: appendages (expiring)
A: horns 2, talons 2
a: End Transformation


You were on level 1 of the Dungeon.
You had temporarily grown beastly horns and talons.
You visited 1 branch of the dungeon, and saw 1 of its levels.

You collected 16 gold pieces.

Inventory:

Missiles
 d - 5 stones
Armour
 a - a +0 robe (worn)
Scrolls
 b - a scroll of identify {unknown}
 c - a scroll of enchant armour {unknown}


   Skills:
 + Level 1.1 Fighting
 + Level 1.9 Dodging
 * Level 2.8 Unarmed Combat
 + Level 2.1 Spellcasting
 + Level 1.8 Transmutations


You had 3 spell levels left.
You knew the following spells:

 Your Spells              Type           Power      Damage    Failure   Level
a - Beastly Appendage     Tmut           12%        N/A       11%         1

Your spell library contained the following spells:

 Spells                   Type           Power      Damage    Failure   Level
 Wereblood                Tmut           6%         N/A       16%         2
 Spider Form              Tmut/Pois      2%         N/A       43%         3
 Ice Form                 Ice/Tmut       4%         N/A       85%         4


Dungeon Overview and Level Annotations

Branches:
Dungeon (1/15)

Altars:


Innate Abilities, Weirdness & Mutations

You have temporarily grown beastly horns and talons.


Message History

You closely miss the quokka. The quokka misses you.
You barely miss the quokka. The quokka bites you.
You barely miss the quokka. The quokka closely misses you.
You closely miss the quokka.
The quokka bites you but does no damage.
You closely miss the quokka. You claw the quokka, but do no damage.
The quokka bites you.
You hit the quokka. Your kick misses the quokka.
The quokka is almost dead.
Your horns disappear.
Your talons disappear.
The quokka barely misses you. The quokka closely misses you.
Casting: Beastly Appendage (safe; 11% risk of failure)
Confirm with . or Enter, or press ? or * to list all spells.
You grow a pair of large bovine horns.
Your feet morph into talons.
The quokka closely misses you.
You miss the quokka. Your kick misses the quokka.
Your headbutt misses the quokka.
The quokka is almost dead.
The quokka barely misses you.
You hit the quokka but do no damage. Your kick misses the quokka.
The quokka is almost dead.
The quokka misses you.
You closely miss the quokka. Your kick misses the quokka.
The quokka is almost dead.
The quokka barely misses you.
You hit the quokka but do no damage. Your kick misses the quokka.
Your headbutt misses the quokka.
The quokka is almost dead.
The quokka bites you.
You miss the quokka. Your headbutt misses the quokka.
The quokka is almost dead.
The quokka bites you.
* * * LOW HITPOINT WARNING * * *
You hit the quokka but do no damage. Your headbutt misses the quokka.
The quokka is almost dead.
Your transformation is almost over.
The quokka bites you.
* * * LOW HITPOINT WARNING * * *
The quokka bites you.
You die...

.....#.#.#.#
....##.#.#.# ...###.#
#.# ..###..# #.#
.####.##.#.### ##
#..#....).# #
##.##..##..#####
##..##..........#
##..###...######@#
#..##...........r#
..###.###.####........#
.## .. +........+ ##
#........# # #........#
#........# #........#
##########


You could see a quokka.

Vanquished Creatures
  3 ball pythons (D:1)
  2 goblins (D:1)
  A kobold (D:1)
  A frilled lizard (D:1)
7 creatures vanquished.

Notes
Turn   | Place    | Note
-------+----------+-------------------------------------------
     0 | D:1      | tizbic2 the Demonspawn Transmuter began the quest for the
                  | Orb.
     0 | D:1      | Reached XP level 1. HP: 15/15 MP: 3/3
   335 | D:1      | Slain by a quokka

Illustrated notes

Levels and vault maps discovered:
D:1:      dpeg_arrival_central, layout_basic, dreamdust_ecumenical_altar_statues

Action                   || total
-------------------------++-------
Melee: Unarmed           ||    26
       Kick              ||     4
 Cast: Beastly Appendage ||     7
Armor: Robe              ||     3
Dodge: Dodged            ||    16
